 Dungeon Sprint DCSS version 0.18.1-50-g88ac8fd (webtiles) character file.

1080 Kagutsuchi the Fighter (level 8, -2/81 HPs)
             Began as a Mottled Draconian Berserker on Oct 21, 2016.
             Was an Elder of Trog.
             Shot with a bolt by a yaktaur captain (40 damage)
             ... in the Dungeon (Sprint II: "The Violet Keep of Menkaure").
             The game lasted 00:05:01 (631 turns).

Kagutsuchi the Fighter (Mottled Draconian Berserker) Turns: 631, Time: 00:05:01

Health: -2/81      AC:  6    Str: 19 (20) XL:     8   Next: 8%
Magic:  7/7        EV: 17    Int:  8      God:    Trog [****..]
Gold:   33         SH:  0    Dex: 12      Spells: 0 memorised, 7 levels left

rFire  . . .     SeeInvis .     a - +0 falchion
rCold  . . .     Gourm    .     (armour unavailable)
rNeg   . . .     Faith    .     (no shield)
rPois  .         Spirit   .     (helmet restricted)
rElec  .         Dismiss  .     (no cloak)
rCorr  .         Reflect  .     (no gloves)
SustAt .         Harm     .     (no boots)
MR     .....     NoTele   +     (no amulet)
Stlth  +.........               (no ring)
                                (no ring)

@: not resistant to hostile enchantments, very unstealthy
A: breathe sticky flame splash, unfitting armour, deterioration 2, low mp 1,
cold-blooded, AC +6
a: Breathe Sticky Flame, Berserk, Trog's Hand, Brothers in Arms, Burn
Spellbooks, Renounce Religion


You were in the Dungeon.
You worshipped Trog.
Trog was greatly pleased with you.
You were not hungry.

You visited 1 branch You collected 729 gold pieces.
You spent 696 gold pieces at shops.

Inventory:

Hand Weapons
 a - a +0 falchion (weapon)
Scrolls
 h - a scroll of blinking
 k - a scroll of random uselessness {unknown}
Potions
 c - a potion of heal wounds
 d - 3 potions of curing
 e - a potion of resistance
 f - 2 potions of magic
 g - a potion of berserk rage
Books
 j - a book of Maledictions

   Spells                             Type                      Level
   a - Corona                         Hexes                        1
   b - Ensorcelled Hibernation        Hexes/Ice                    2
   c - Confuse                        Hexes                        3
   d - Tukima's Dance                 Hexes                        3
   e - Dazzling Spray                 Conjuration/Hexes            3
   Trog disapproves of the use of such an item.
Comestibles
 b - 2 bread rations


   Skills:
 + Level 10.8 Fighting
 + Level 10.4 Long Blades
 + Level 10.7 Dodging


You had 7 spell levels left.
You didn't know any spells.

Dungeon Overview and Level Annotations

Branches:
Dungeon (1/1)

Altars:

Shops:
D :%:=}[[?=!!}([=}

Annotations:
D exclusion: oklob plant, Kirke


Innate Abilities, Weirdness & Mutations

You can spit globs of burning liquid.
You can ignite nearby creatures when you spit burning liquid.
Your weird mottled scales are hard (AC +6).
Your body does not fit into most forms of armour.
You are cold-blooded and may be slowed by cold attacks.
Your body often deteriorates upon taking damage.
Your magical capacity is low (-10% MP).


Message History

The lava snake hisses angrily.
The spectral bat misses you. x2
The spectral bat completely misses you. x2
The spectral bat closely misses you. The spectral bat misses you.
You barely miss the spectral bat.
The spectral bat hits you but does no damage.
The spectral bat barely misses you.
You hit the spectral bat but do no damage.
The spectral bat completely misses you. x2
You slash the spectral bat!
You destroy the spectral bat!
The yaktaur captain wields an arbalest.
The yaktaur captain shoots a bolt.
The bolt hits you!!
You see here a bolt.
A skeletal warrior opens the gate.
The kobold demonologist casts a cantrip, but nothing happens.
You closely miss something. Something hits you!
Your body deteriorates!
You feel weakened.
The yaktaur captain shoots a bolt.
The bolt hits you!!!
You die...

####+#### ##§§§≈§≈§##
##§§§§§§§§≈## ##
+§§§≈§§§§§≈§#
..z####§§§§§≈§≈§
KZ.≈##≈§§S≈§
########z≈#'''#+++##
#######≈≈≈Kzc...@(.#
...∩.∩#≈≈≈≈.##'##..#
..∩.∩.#≈≈≈≈##.#.##.#
.∩.∩..#≈≈≈≈#.###.#...
∩.∩...#≈≈####.#†####..
.∩....#≈##.
##'###.##..#
∩.∩...#≈#.B$##.##..#
..# .∩.∩..'≈+
#+.<.'.## .#
..∩.∩.#≈#.B.##.##.#


You could see a yaktaur captain, a skeletal warrior and a kobold demonologist.

Vanquished Creatures
  A blink frog (D)
  2 hippogriffs (D)
  4 neqoxecs (D)
  Menkaure (D)
  2 worms (D)
  A spectral bat (D)
11 creatures vanquished.

Vanquished Creatures (others)
  A crocodile (D)
1 creature vanquished.

Grand Total: 12 creatures vanquished

Notes
Turn   | Place    | Note
--------------------------------------------------------------
     0 | D        | Kagutsuchi the Draconian Berserker began the quest for the Orb.
     0 | D        | Reached XP level 1. HP: 19/19 MP: 1/1
     1 | D        | Noticed a boulder beetle
     1 | D        | Noticed a boulder beetle
     5 | D        | Noticed a hippogriff
     5 | D        | Noticed a hippogriff
    11 | D        | Killed a hippogriff
    11 | D        | Reached skill level 5 in Dodging
    11 | D        | Reached XP level 2. HP: 31/31 MP: 2/2
    11 | D        | Reached XP level 3. HP: 38/38 MP: 3/3
    11 | D        | Reached XP level 4. HP: 45/45 MP: 4/4
    18 | D        | Killed a hippogriff
    18 | D        | Reached ** piety under Trog
    18 | D        | Reached XP level 5. HP: 47/56 MP: 5/5
    18 | D        | Reached XP level 6. HP: 52/62 MP: 6/6
    41 | D        | Noticed a neqoxec
    41 | D        | Noticed a neqoxec
    41 | D        | Noticed a neqoxec
    41 | D        | Noticed a neqoxec
    50 | D        | Gained mutation: Your body sometimes deteriorates upon taking damage. [a neqoxec]
    63 | D        | Killed a neqoxec
    64 | D        | Gained mutation: Your body often deteriorates upon taking damage. [a neqoxec]
    66 | D        | Killed a neqoxec
    66 | D        | Your scales start taking on a weird mottled colour.
    66 | D        | Reached XP level 7. HP: 69/71 MP: 7/7
    77 | D        | Killed a neqoxec
    77 | D        | Reached skill level 10 in Fighting
    77 | D        | Gained mutation: Your magical capacity is low (-10% MP). [a neqoxec]
    90 | D        | HP: 3/72 [quasit[a neqoxec] (2)]
    91 | D        | Killed a neqoxec
    91 | D        | Reached *** piety under Trog
    91 | D        | Reached skill level 10 in Long Blades
   136 | D        | Noticed a flying skull
   137 | D        | Noticed a flying skull
   137 | D        | Noticed a flying skull
   138 | D        | Noticed a flying skull
   138 | D        | Noticed a flying skull
   138 | D        | Noticed a flying skull
   139 | D        | Noticed a flying skull
   139 | D        | Noticed a flying skull
   150 | D        | Noticed Menkaure
   158 | D        | Killed Menkaure
   158 | D        | Reached skill level 10 in Dodging
   159 | D        | Found Yfyoxuecs's Gadget Shoppe.
   160 | D        | Found Jeesm's Antique Armour Shoppe.
   161 | D        | Found Culoovos's Distillery.
   161 | D        | Found Zevve's Gadget Shoppe.
   161 | D        | Found Lawker's Antique Weapon Shoppe.
   162 | D        | Found Leihut's Armour Emporium.
   162 | D        | Found Xabiurphadu's Magic Scroll Shoppe.
   162 | D        | Found Xalyegoved's Jewellery Emporium.
   163 | D        | Found Ostuir's Jewellery Emporium.
   163 | D        | Found Uruyriwkoi's Gadget Shoppe.
   163 | D        | Found Ygingul's Antique Armour Emporium.
   164 | D        | Found Dosmawn's Food Emporium.
   164 | D        | Found Fuuh's Book Shoppe.
   165 | D        | Found Derhocull's Jewellery Emporium.
   165 | D        | Found Ecvux's Distillery.
   179 | D        | Noticed a death yak
   179 | D        | Noticed an oklob plant
   180 | D        | Noticed a spiny frog
   180 | D        | Found Otisogg's Book Shoppe.
   181 | D        | Noticed a spiny frog
   185 | D        | Bought a potion of heal wounds for 70 gold pieces
   185 | D        | Bought a potion of curing for 42 gold pieces
   185 | D        | Bought a potion of curing for 42 gold pieces
   185 | D        | Bought a potion of curing for 42 gold pieces
   193 | D        | Bought a potion of resistance for 140 gold pieces
   367 | D        | Noticed a shining eye
   371 | D        | Bought a meat ration for 55 gold pieces
   371 | D        | Bought a bread ration for 55 gold pieces
   373 | D        | Bought a book of Maledictions for 250 gold pieces
   386 | D        | Noticed a flying skull
   388 | D        | Noticed a blink frog
   393 | D        | Noticed a flying skull
   422 | D        | Killed a blink frog
   422 | D        | Reached **** piety under Trog
   422 | D        | Reached XP level 8. HP: 15/81 MP: 7/7
   616 | D        | Noticed a centaur warrior
   616 | D        | Noticed Kirke
   616 | D        | Noticed a kobold demonologist
   617 | D        | Noticed a yaktaur captain
   617 | D        | Noticed a skeletal warrior
   631 | D        | Shot with a bolt by a yaktaur captain

Skill      XL: |  1  2  3  4  5  6  7 |
---------------+----------------------+-----
Fighting       | 6 8 9 10 | 10.8
Long Blades    | 6 7 9 10 | 10.4
Dodging        | 5 7 8 10 | 10.7

Action                   |  1- 3 |  4- 6 |  7- 9 || total
-------------------------+-------+-------+-------++-------
Melee: Falchion          |     5 |    27 |    57 ||    89
       Tailslap          |       |     3 |    10 ||    13
Invok: Berserk           |     1 |     1 |       ||     2
 Abil: Breathe Sticky Fl |       |       |     1 ||     1
  Use: Potion            |       |     2 |     1 ||     3
  Eat: Meat ration       |       |       |     1 ||     1
Armor: Skin              |       |     7 |    24 ||    31
Dodge: Dodged            |     6 |    35 |    87 ||   128
